 Dungeon Crawl Stone Soup version 0.27.0-1-g7a089689b8 (webtiles) character file.

Game seed: 16574226016924795299

84 Lochraine the Ogre Mage (level 4, -3/39 HPs)
             Began as an Ogre Fire Elementalist on Aug 10, 2021.
             Slain by a gnoll (5 damage)
             ... on level 2 of the Dungeon.
             The game lasted 00:03:39 (1891 turns).

Lochraine the Ogre Mage (Ogre Fire Elementalist)    Turns: 1891, Time: 00:03:40

Health: -3/39      AC:  3    Str: 12    XL:     4   Next: 45%
Magic:  5/9        EV:  9    Int: 17    God:
Gold:   30         SH:  0    Dex:  9    Spells: 6/10 levels left

rFire    . . .     SeeInvis .   b - +0 dagger
rCold    . . .     Faith    .   (no shield)
rNeg     . . .     Spirit   .   a - +0 robe
rPois    .         Reflect  .   (helmet restricted)
rElec    .         Harm     .   (no cloak)
rCorr    +         Rampage  .   (gloves unavailable)
Will     .....                  (boots unavailable)
Stlth    +.........             h - amulet of the acrobat
HPRegen  0.13/turn              c - ring of resist corrosion
MPRegen  0.11/turn              (no ring)

@: attractive
A: large, unfitting armour, tough skin 1
a: no special abilities


You were on level 2 of the Dungeon.
You visited 1 branch of the dungeon, and saw 2 of its levels.

You collected 30 gold pieces.

Inventory:

Hand Weapons
 b - a +0 dagger (weapon)
   (You took it off a goblin on level 1 of the Dungeon)
 g - a +0 hunting sling
   (You found it on level 1 of the Dungeon)
Missiles
 i - 77 stones
Armour
 a - a +0 robe (worn)
Jewellery
 c - a ring of resist corrosion (left hand)
   (You found it on level 1 of the Dungeon)
 h - an amulet of the acrobat (around neck)
   (You found it on level 1 of the Dungeon)
Scrolls
 e - a scroll of silence {unknown}
 k - a scroll of amnesia {unknown}
 l - a scroll of teleportation {unknown}
Potions
 d - a potion of curing {unknown}
 j - a potion of degeneration {unknown}


   Skills:
 - Level 1.7 Dodging
 - Level 1.4 Stealth
 + Level 3.5 Spellcasting
 + Level 2.2 Conjurations
 + Level 3.4 Fire Magic


You had 6 spell levels left.
You knew the following spells:

 Your Spells              Type           Power      Damage    Failure   Level
a - Foxfire               Conj/Fire      48%        2x1d6     5%          1
d - Conjure Flame         Conj/Fire      12%        6-21      16%         3

Your spell library contained the following spells:

 Spells                   Type           Power      Damage    Failure   Level
 Inner Flame              Hex/Fire       8%         N/A       24%         3
 Sticky Flame             Conj/Fire      12%        2d4       45%         4
 Fireball                 Conj/Fire      6%         3d5       82%         5


Dungeon Overview and Level Annotations

Branches:
Dungeon (2/15)

Altars:

Annotations:
D:2 Robin


Innate Abilities, Weirdness & Mutations

You are too large for most types of armour.
You have tough skin. (AC +1)


Message History

An adder and a gnoll come into view.
Things that are here:
a +0 flail; a gnoll corpse The gnoll shouts!
You hear a shout!
A gnoll is nearby!
You conjure some foxfire!
The adder hisses angrily.
The foxfire hits the gnoll.
You conjure some foxfire!
The gnoll hits you with a +0 whip!
The foxfire hits the gnoll. x2
You kill the gnoll!
The adder closely misses you. The adder bites you but does no damage.
You conjure some foxfire!
The adder bites you.
The foxfire hits the adder. x2; The adder barely misses you.
You conjure some foxfire!
The adder bites you.
You are poisoned.
The adder poisons you!
The gnoll hits you from afar with a +0 spear.
The adder bites you.
You are more poisoned.
The adder poisons you!
You feel very sick.
The foxfire hits the adder.
You kill the adder!
The foxfire hits the gnoll but does no damage.
The gnoll hits you from afar with a +0 spear.
* * * LOW HITPOINT WARNING * * *
You miscast Foxfire.
You are very lightly contaminated with residual magic.
Nothing appears to happen.
You feel sick.
The gnoll hits you from afar with a +0 spear.
* * * LOW HITPOINT WARNING * * *
You feel sick.
You conjure some foxfire!
You feel sick. The gnoll closely misses you.
You feel sick.
The foxfire hits the gnoll. x2
The gnoll hits you from afar with a +0 spear.
* * * LOW HITPOINT WARNING * * *
You feel sick.
You feel sick.
Things that are here:
a +0 flail; a gnoll corpse You feel sick.
You are no longer poisoned.
Your magical contamination has completely faded away.
It was a potion of attraction.
You feel attractive to monsters.
The gnoll shouts!
The gnoll hits you from afar with a +0 spear.
You die... ....# #......# ....# #g#### ....# #.)..# ....# #....## ...## ♣♣ #.....# ....# .♣♣ #.....# ###.# ♣♣.♣♣ #.g...# ###.# ♣..P♣♣ #.)...## ....# ♣PP.P

#.@..)<# ....# ##..##
#......#
....###....####......#
......##.............##
..........##........).#
........####.....<....###
.....##...##..........#.#
.....####..#............#
.....# ##.#..........[##


You could see 2 gnolls.

Vanquished Creatures
  2 adders (D:2)
  2 gnolls (D:2)
  A dart slug (D:1)
  3 endoplasms (D:1)
  A giant cockroach (D:1)
  3 goblins
  A hobgoblin (D:1)
  9 jackals (D:1)
  3 quokkas
  5 ball pythons (D:1)
  4 bats (D:1)
  2 frilled lizards (D:1)
  2 kobolds (D:1)
  4 rats (D:1)
42 creatures vanquished.

Vanquished Creatures (others)
  89 foxfires
89 creatures vanquished.

Grand Total: 131 creatures vanquished

Notes
Turn   | Place    | Note
-------+----------+-------------------------------------------
     0 | D:1      | Lochraine the Ogre Fire Elementalist began the quest for
                  | the Orb.
     0 | D:1      | Reached XP level 1. HP: 16/16 MP: 3/3
    46 | D:1      | Reached skill level 1 in Conjurations
    87 | D:1      | Reached XP level 2. HP: 8/24 MP: 0/5
   741 | D:1      | Reached XP level 3. HP: 31/31 MP: 1/7
   966 | D:1      | Learned a level 3 spell: Conjure Flame
  1487 | D:2      | Noticed Robin
  1798 | D:2      | Reached XP level 4. HP: 31/39 MP: 5/9
  1891 | D:2      | Slain by a gnoll

Illustrated notes

Levels and vault maps discovered:
D:1:      dpeg_arrival_round_b, layout_basic
D:2:      minmay_evil_eye, layout_rooms, basic_altar, serial_shops, shop_statue,
          chequers_ecumenical_altar_simple, roderic_serpentine_path,
          uniq_crazy_yiuf_cottage, uniq_robin, uniq_terence

Skill      XL: |  1  2  3 |
---------------+----------+-----
Conjurations   | 1 2 |  2.2
Fire Magic     | 3 |  3.4
Spellcasting   | 3 |  3.5
Dodging        | |  1.7
Stealth        | |  1.4

Action                   |  1- 3 |  4- 6 || total
-------------------------+-------+-------++-------
Melee: Unarmed           |     8 |       ||     8
       Dagger            |    60 |       ||    60
 Cast: Foxfire           |    43 |     5 ||    48
  Use: Potion            |       |     1 ||     1
 Stab: Sleeping          |     4 |       ||     4
Armor: Robe              |    45 |     1 ||    46
Dodge: Dodged            |    67 |     3 ||    70
